PAAA
BANGOR TRIDENT BASE OGRES @ BAKERSFIELD NOBLES
08/15/2020
 
TOP OF THE 1ST
Bangor Trident Base Ogres batting - Pitching for Bakersfield Nobles : RHP Jason McKinney
Pitching: RHP Jason McKinney
Batting: RHB Jim Unknown 0-0: Ground out 6-3 (Groundball, 56)
Batting: LHB Jim Unknown 0-0: Ground out 5-3 (Groundball, 56)
Batting: RHB Joe Craig 0-0: Foul Ball, location: 2F
0-1: Foul Ball, location: 2F
0-2: Strikes out swinging
Top of the 1st over - 0 run(s), 0 hit(s), 0 error(s), 0 left on base; Bangor Trident Base 0 - Bakersfield 0
BOTTOM OF THE 1ST
Bakersfield Nobles batting - Pitching for Bangor Trident Base Ogres : RHP Jim Unknown
Pitching: RHP Jim Unknown
Batting: RHB Miguel Márquez 0-0: Called Strike
0-1: SINGLE (Line Drive, 8LS)
Batting: SHB Jon Jenkins 0-0: Ball
1-0: Ball
2-0: Ball
3-0: Called Strike
3-1: Base on Balls
Miguel Márquez to second
Batting: RHB Jorge Gonzáles 0-0: Swinging Strike
0-1: Ground out 3-1 (Groundball, 34)
Miguel Márquez to third
Jon Jenkins to second
Batting: RHB Bob Heller 0-0: Foul Ball, location: 2F
0-1: Ball
Wild Pitch!
Miguel Márquez scores
Jon Jenkins to third
1-1: Ball
2-1: Foul Ball, location: 2F
2-2: Ball
3-2: Base on Balls
Batting: RHB Tamasaburo Kato 0-0: Ball
Wild Pitch!
Jon Jenkins scores
Bob Heller to second
1-0: Foul Ball, location: 2F
1-1: Fly out, F9 (Popup, 3D)
Batting: LHB Emery Miller 0-0: Called Strike
0-1: Foul Ball, location: 2F
0-2: Ground out 6-3 (Groundball, 6M)
Bottom of the 1st over - 2 run(s), 1 hit(s), 0 error(s), 1 left on base; Bangor Trident Base 0 - Bakersfield 2
TOP OF THE 2ND
Bangor Trident Base Ogres batting - Pitching for Bakersfield Nobles : RHP Jason McKinney
Batting: RHB Jim Unknown 0-0: Foul Ball, location: 2F
0-1: Swinging Strike
0-2: Strikes out looking
Batting: RHB Jim Unknown 0-0: Ball
1-0: Ball
2-0: Called Strike
2-1: Reached on error, E5 (Groundball, 6S)
Batting: RHB Jim Unknown 0-0: Swinging Strike
0-1: Ball
1-1: Ball
2-1: Swinging Strike
2-2: Strikes out swinging
Batting: LHB Jim Unknown 0-0: Fly out, F7 (Line Drive, 7S)
Top of the 2nd over - 0 run(s), 0 hit(s), 1 error(s), 1 left on base; Bangor Trident Base 0 - Bakersfield 2
BOTTOM OF THE 2ND
Bakersfield Nobles batting - Pitching for Bangor Trident Base Ogres : RHP Jim Unknown
Batting: LHB Bartolo Benítez 0-0: Called Strike
0-1: Hit by Pitch
Batting: RHB Ron Gérard 0-0: Ball
1-0: Ball
2-0: Called Strike
2-1: Fly out, F8 (Flyball, 8RS)
Batting: LHB Gustavo Cortéz 0-0: Ball
1-0: Ball
2-0: Called Strike
2-1: Reached on error, E3 (Groundball, 3S)
Bartolo Benítez to second
Batting: RHB Miguel Márquez 0-0: Ball
1-0: Ball
2-0: Foul Ball, location: 2F
2-1: Grounds into double play, 3-6-3 (Groundball, 3)
Bottom of the 2nd over - 0 run(s), 0 hit(s), 1 error(s), 1 left on base; Bangor Trident Base 0 - Bakersfield 2
TOP OF THE 3RD
Bangor Trident Base Ogres batting - Pitching for Bakersfield Nobles : RHP Jason McKinney
Batting: RHB Jim Unknown 0-0: Called Strike
0-1: Foul Ball, location: 2F
0-2: Ball
1-2: Ground out 6-3 (Groundball, 6)
Batting: RHB Jim Unknown 0-0: Bunt missed!
0-1: Ball
1-1: Foul Ball, location: 2F
1-2: Foul Ball, location: 2F
1-2: Foul Ball, location: 2F
1-2: Foul Ball, location: 2F
1-2: Foul Ball, location: 2F
1-2: Ball
2-2: Ground out 4-3 (Groundball, 4)
Batting: RHB Jim Unknown 0-0: Swinging Strike
0-1: Foul Ball, location: 2F
0-2: Fly out, F9 (Flyball, 89M)
Top of the 3rd over - 0 run(s), 0 hit(s), 0 error(s), 0 left on base; Bangor Trident Base 0 - Bakersfield 2
BOTTOM OF THE 3RD
Bakersfield Nobles batting - Pitching for Bangor Trident Base Ogres : RHP Jim Unknown
Batting: SHB Jon Jenkins 0-0: Called Strike
0-1: Ball
1-1: Ball
2-1: Ball
3-1: Foul Ball, location: 2F
3-2: SINGLE (Line Drive, 34D)
Batting: RHB Jorge Gonzáles 0-0: Ball
Balk!
Jon Jenkins to second
1-0: Called Strike
1-1: Hit by Pitch
Batting: RHB Bob Heller 0-0: Ball
1-0: Foul Ball, location: 2F
1-1: Foul Ball, location: 2F
1-2: Foul Ball, location: 2F
1-2: SINGLE (Line Drive, 78S)
Jon Jenkins to third
Jorge Gonzáles to second
Batting: RHB Tamasaburo Kato 0-0: Ball
1-0: Ball
2-0: Foul Ball, location: 2F
2-1: Fly out, F9 (Flyball, 89M)
Runner from 3rd tags up, SCORES, no throw
Batting: LHB Emery Miller 0-0: Called Strike
0-1: Foul Ball, location: 2F
0-2: Fly out, F7 (Line Drive, 7S)
Batting: LHB Bartolo Benítez 0-0: Foul Ball, location: 2F
0-1: Ball
1-1: Swinging Strike
1-2: Foul Ball, location: 2F
1-2: SINGLE (Flyball, 89S)
Jorge Gonzáles to third
Bob Heller to second
Throwing error, E9
Jorge Gonzáles scores
Bob Heller to third
Bartolo Benítez to second
Batting: RHB Ron Gérard 0-0: Fly out, F3 (Popup, 3SF)
Bottom of the 3rd over - 2 run(s), 3 hit(s), 1 error(s), 2 left on base; Bangor Trident Base 0 - Bakersfield 4
TOP OF THE 4TH
Bangor Trident Base Ogres batting - Pitching for Bakersfield Nobles : RHP Jason McKinney
Batting: LHB Jim Unknown 0-0: Ball
1-0: Called Strike
1-1: Foul Ball, location: 2F
1-2: Ball
2-2: Strikes out swinging
Batting: RHB Joe Craig 0-0: Called Strike
0-1: Ball
1-1: Ball
2-1: Foul Ball, location: 2F
2-2: Strikes out swinging
Batting: RHB Jim Unknown 0-0: Fly out, F8 (Flyball, 8LD)
Top of the 4th over - 0 run(s), 0 hit(s), 0 error(s), 0 left on base; Bangor Trident Base 0 - Bakersfield 4
BOTTOM OF THE 4TH
Bakersfield Nobles batting - Pitching for Bangor Trident Base Ogres : RHP Jim Unknown
Batting: LHB Gustavo Cortéz 0-0: Called Strike
0-1: Swinging Strike
0-2: Foul Ball, location: 2F
0-2: Ball
1-2: SINGLE (Line Drive, 34D)
Batting: RHB Miguel Márquez 0-0: Called Strike
0-1: Called Strike
0-2: Strikes out looking
Batting: SHB Jon Jenkins 0-0: Called Strike
0-1: Ball
1-1: SINGLE (Groundball, 34D)
Gustavo Cortéz to second
Runner from 2nd tries for 3rd, SAFE, throw made to third
Batting: RHB Jorge Gonzáles 0-0: Ball
1-0: Called Strike
1-1: Fly out, F9 (Line Drive, 89M)
Runner from 3rd tags up, OUT at HOME
Bottom of the 4th over - 0 run(s), 2 hit(s), 0 error(s), 1 left on base; Bangor Trident Base 0 - Bakersfield 4
TOP OF THE 5TH
Bangor Trident Base Ogres batting - Pitching for Bakersfield Nobles : RHP Jason McKinney
Batting: RHB Jim Unknown 0-0: Called Strike
0-1: Ball
1-1: Swinging Strike
1-2: Ball
2-2: Foul Ball, location: 2F
2-2: Ground out 6-3 (Groundball, 6)
Batting: RHB Jim Unknown 0-0: Ball
1-0: Foul Ball, location: 2F
1-1: Called Strike
1-2: Ball
2-2: Ground out 1-3 (Groundball, 15)
Batting: LHB Jim Unknown 0-0: Ball
1-0: Ball
2-0: Foul Ball, location: 2F
2-1: SINGLE (Line Drive, 34D)
Batting: RHB Jim Unknown 0-0: Called Strike
0-1: Called Strike
0-2: Strikes out swinging
Top of the 5th over - 0 run(s), 1 hit(s), 0 error(s), 1 left on base; Bangor Trident Base 0 - Bakersfield 4
BOTTOM OF THE 5TH
Bakersfield Nobles batting - Pitching for Bangor Trident Base Ogres : RHP Jim Unknown
Batting: RHB Bob Heller 0-0: Foul Ball, location: 2F
0-1: Called Strike
0-2: Ball
1-2: Ground out 6-3 (Groundball, 6)
Batting: RHB Tamasaburo Kato 0-0: Called Strike
0-1: Foul Ball, location: 2F
0-2: DOUBLE (Flyball, 9LD)
Batting: LHB Emery Miller 0-0: Swinging Strike
0-1: Ball
1-1: 2-RUN HOME RUN (Flyball, 9D), Distance : 372 ft
Batting: LHB Bartolo Benítez 0-0: Ball
1-0: Ground out 5-3 (Groundball, 5S)
Batting: RHB Ron Gérard 0-0: Ground out 5-3 (Groundball, 5)
Bottom of the 5th over - 2 run(s), 2 hit(s), 0 error(s), 0 left on base; Bangor Trident Base 0 - Bakersfield 6
TOP OF THE 6TH
Bangor Trident Base Ogres batting - Pitching for Bakersfield Nobles : RHP Jason McKinney
Batting: RHB Jim Unknown 0-0: Bunt missed!
0-1: Ball
1-1: Ball
2-1: Ball
3-1: Ground out 6-3 (Groundball, 6)
Batting: RHB Jim Unknown 0-0: Called Strike
0-1: Ball
1-1: Ground out 6-3 (Groundball, 6)
Batting: LHB Jim Unknown 0-0: Ball
1-0: Ball
2-0: Called Strike
2-1: Ball
3-1: Ground out 4-3 (Groundball, 34)
Top of the 6th over - 0 run(s), 0 hit(s), 0 error(s), 0 left on base; Bangor Trident Base 0 - Bakersfield 6
BOTTOM OF THE 6TH
Bakersfield Nobles batting - Pitching for Bangor Trident Base Ogres : RHP Jim Unknown
Pitching: LHP Jim Unknown
Batting: LHB Gustavo Cortéz 0-0: Foul Ball, location: 2F
0-1: Ball
1-1: Swinging Strike
1-2: Ball
2-2: Foul Ball, location: 2F
2-2: Strikes out looking
Batting: RHB Miguel Márquez 0-0: Swinging Strike
0-1: Swinging Strike
0-2: Strikes out looking
Batting: SHB Jon Jenkins 0-0: Foul Ball, location: 2F
0-1: Ground out 4-3 (Groundball, 4)
Bottom of the 6th over - 0 run(s), 0 hit(s), 0 error(s), 0 left on base; Bangor Trident Base 0 - Bakersfield 6
TOP OF THE 7TH
Bangor Trident Base Ogres batting - Pitching for Bakersfield Nobles : RHP Jason McKinney
Batting: RHB Joe Craig 0-0: Swinging Strike
0-1: Called Strike
0-2: Ball
1-2: Strikes out swinging
Batting: RHB Jim Unknown 0-0: Called Strike
0-1: Called Strike
0-2: Ball
1-2: Ball
2-2: Strikes out swinging
Batting: RHB Jim Unknown 0-0: Ball
1-0: Ball
2-0: Swinging Strike
2-1: Ball
3-1: Foul Ball, location: 2F
3-2: Base on Balls
Batting: RHB Jim Unknown 0-0: Foul Ball, location: 2F
0-1: Ball
1-1: Ball
2-1: Ball
3-1: Called Strike
3-2: SINGLE (Groundball, 56S)
Jim Unknown to second
Jim Unknown to third
Pitching: RHP Enrique Magana
Batting: LHB Jim Unknown 0-0: Foul Ball, location: 2F
0-1: Foul Ball, location: 2F
0-2: Ball
1-2: Fielders Choice at 2nd, 5-4 (Groundball, 56)
Top of the 7th over - 0 run(s), 1 hit(s), 0 error(s), 1 left on base; Bangor Trident Base 0 - Bakersfield 6
BOTTOM OF THE 7TH
Bakersfield Nobles batting - Pitching for Bangor Trident Base Ogres : LHP Jim Unknown
Batting: RHB Jorge Gonzáles 0-0: Ball
1-0: Called Strike
1-1: Foul Ball, location: 2F
1-2: Ball
2-2: Foul Ball, location: 2F
2-2: Ball
3-2: Strikes out swinging
Batting: RHB Bob Heller 0-0: Foul Ball, location: 2F
0-1: Ball
1-1: Ball
2-1: Foul Ball, location: 2F
2-2: Ball
3-2: Base on Balls
Batting: RHB Tamasaburo Kato 0-0: Called Strike
0-1: Foul Ball, location: 2F
0-2: Grounds into double play, 5-4-3 (Groundball, 5)
Bottom of the 7th over - 0 run(s), 0 hit(s), 0 error(s), 0 left on base; Bangor Trident Base 0 - Bakersfield 6
TOP OF THE 8TH
Bangor Trident Base Ogres batting - Pitching for Bakersfield Nobles : RHP Enrique Magana
Batting: RHB Jim Unknown 0-0: Ball
1-0: Called Strike
1-1: Bunted foul
1-2: SINGLE (Line Drive, 34D)
Batting: RHB Jim Unknown 0-0: Ball
1-0: Called Strike
1-1: Ball
Passed Ball!
Jim Unknown to second
2-1: Ball
3-1: Called Strike
3-2: 2-RUN HOME RUN (Flyball, 7D), Distance : 365 ft
Batting: RHB Jim Unknown 0-0: Called Strike
0-1: Ball
1-1: Ball
2-1: Called Strike
2-2: Strikes out swinging
Batting: LHB Jim Unknown 0-0: Ball
1-0: Called Strike
1-1: Ground out 4-3 (Groundball, 4)
Batting: RHB Joe Craig 0-0: Called Strike
0-1: Fly out, F9 (Flyball, 9LM)
Top of the 8th over - 2 run(s), 2 hit(s), 0 error(s), 0 left on base; Bangor Trident Base 2 - Bakersfield 6
BOTTOM OF THE 8TH
Bakersfield Nobles batting - Pitching for Bangor Trident Base Ogres : LHP Jim Unknown
Batting: LHB Emery Miller 0-0: Ball
1-0: Ball
2-0: Foul Ball, location: 2F
2-1: SINGLE (Line Drive, 89S)
Batting: LHB Bartolo Benítez 0-0: Fly out, F7 (Flyball, 7D)
Batting: RHB Ron Gérard 0-0: Called Strike
0-1: Fly out, F9 (Flyball, 9M)
Batting: LHB Gustavo Cortéz 0-0: Called Strike
0-1: Swinging Strike
0-2: Foul Ball, location: 2F
0-2: Ball
1-2: Ball
2-2: Strikes out looking
Bottom of the 8th over - 0 run(s), 1 hit(s), 0 error(s), 1 left on base; Bangor Trident Base 2 - Bakersfield 6
TOP OF THE 9TH
Bangor Trident Base Ogres batting - Pitching for Bakersfield Nobles : RHP Enrique Magana
Pitching: LHP Jim Unknown
Batting: RHB Jim Unknown 0-0: Ball
1-0: Ball
2-0: Ball
3-0: Base on Balls
Batting: RHB Jim Unknown 0-0: Swinging Strike
0-1: Ball
1-1: Ball
2-1: Swinging Strike
2-2: Ball
3-2: Strikes out looking
Batting: RHB Jim Unknown 0-0: Foul Ball, location: 2F
0-1: Foul Ball, location: 2F
0-2: Strikes out swinging
Batting: LHB Jim Unknown 0-0: Ball
1-0: Called Strike
1-1: Ball
2-1: Fly out, F8 (Flyball, 8LM)
Top of the 9th over - 0 run(s), 0 hit(s), 0 error(s), 1 left on base; Bangor Trident Base 2 - Bakersfield 6
This league is powered by Out of the Park Baseball, the baseball management simulation game for PC, Mac and Linux
Friday, October 23rd, 2015 - OOTP Baseball 16.9 Build 39